 Dungeon Crawl Stone Soup version 0.26-a0-712-ga5a9c9c9d0 (webtiles) character file.

Game seed: 2783538900667704693

11774 Azzok the Cleaver (level 11, -7/117 HPs)
             Began as a Demonspawn Berserker on Nov 7, 2020.
             Was the Champion of Trog.
             Mangled by Snorg (13 damage)
             ... on level 11 of the Dungeon.
             The game lasted 00:15:10 (10709 turns).

Azzok the Cleaver (Demonspawn Berserker)           Turns: 10709, Time: 00:15:11

Health: -7/117     AC: 21    Str: 24    XL:     11   Next: 53%
Magic:  11/11      EV:  8    Int:  9    God:    Trog [******]
Gold:   750        SH:  0    Dex: 12    Spells: 10/10 levels left

rFire    . . .     SeeInvis +   K - +4 executioner's axe (vorpal)
rCold    . . .     Faith    +   (shield currently unavailable)
rNeg     . . .     Spirit   .   y - +0 plate armour
rPois    +         Reflect  .   e - +0 helmet
rElec    .         Harm     .   s - +1 cloak
rCorr    .         Rampage  .   (no gloves)
MR       .....                  (no boots)
Stlth    ..........             j - amulet of faith
HPRegen  0.29/turn              f - +4 ring of protection
MPRegen  0.12/turn              B - ring of Onup {rPois Str+3 Slay+6 SInv}

@: berserking, very quick
A: claws 1, icy blue scales 2, powered by death 2, spiny 1
a: Berserk, Trog's Hand, Brothers in Arms, Renounce Religion


You were on level 11 of the Dungeon.
You worshipped Trog.
Trog was exalted by your worship.
You visited 1 branch of the dungeon, and saw 11 of its levels.

You collected 750 gold pieces.

Inventory:

Hand Weapons
 v - the +1 falchion of Spontaneous Combustion {drain, rN+}
   (You found it on level 4 of the Dungeon)

   A truly terrible weapon, it drains the life of those it strikes.
   It protects you from negative energy.
 C - a +0 war axe
 H - a +3 morningstar of freezing
 K - a +4 vorpal executioner's axe (weapon)
Missiles
 u - a throwing net (quivered)
Armour
 e - a +0 helmet (worn)
 s - a +1 cloak (worn)
 y - a +0 plate armour (worn)
Jewellery
 a - an uncursed ring of protection from cold
 b - an uncursed ring of resist corrosion
 f - a +4 ring of protection (left claw)
 j - an amulet of faith (around neck)
 p - an uncursed ring of fire
 B - the ring of Onup (right claw) {rPois Str+3 Slay+6 SInv}
   (You found it on level 7 of the Dungeon)

   [ring of poison resistance]

   It affects your strength (+3).
   It affects your accuracy and damage with ranged weapons and melee attacks
   (+6).
   It protects you from poison.
   It lets you see invisible.
 J - an uncursed ring of flight
 N - an uncursed ring of protection from cold
Wands
 n - a wand of flame (30)
 A - a wand of paralysis (9)
 D - a wand of disintegration (19)
 L - a wand of random effects (19)
Scrolls
 h - 4 scrolls of remove curse
 m - 3 scrolls of amnesia {unknown}
 q - a scroll of enchant armour {unknown}
 r - a scroll of fear {unknown}
 x - 5 scrolls of teleportation {unknown}
 z - 2 scrolls of enchant weapon {unknown}
 F - 4 scrolls of identify
 G - 2 scrolls of blinking {unknown}
 I - a scroll of silence {unknown}
 O - a scroll of fog {unknown}
Potions
 c - a potion of cancellation
 d - 3 potions of flight
 g - 2 potions of might {unknown}
 i - 8 potions of curing
 k - 5 potions of lignification {unknown}
 l - 3 potions of haste {unknown}
 o - 3 potions of brilliance {unknown}
 t - a potion of invisibility {unknown}
 w - 4 potions of heal wounds
 E - a potion of magic {unknown}
 M - a potion of resistance {unknown}


   Skills:
 - Level 4.5 Fighting
 + Level 13.5 Axes
 - Level 3.5 Armour
 - Level 3.5 Dodging
 + Level 9.1 Evocations


You had 10 spell levels left.
You didn't know any spells.
Your spell library was empty.

Dungeon Overview and Level Annotations

Branches:
Dungeon (11/15)            Temple (0/1) D:4            Lair (0/6) D:9
    Orc: D:9-12

Altars:
Cheibriados
Dithmenos
Kikubaaqudgha
Nemelex Xobeh
Ru
Vehumet
Yredelemnul
The Shining One

Shops:
D:5 (

Annotations:
D:8 2 transporters
D:11 Snorg


Innate Abilities, Weirdness & Mutations

You have sharp fingernails.
You are mostly covered in icy blue scales. (AC +3)
You regenerate health from kills.
You are partially covered in sharp spines.


Message History

Snorg claws you.
* * * LOW HITPOINT WARNING * * *
Snorg claws you but does no damage. Snorg is struck by your spines.
Snorg bites you!
* * * LOW HITPOINT WARNING * * *
Snorg claws you.
* * * LOW HITPOINT WARNING * * *
Snorg barely misses you.
You closely miss Snorg.
Snorg is moderately wounded.
Snorg bites you!
* * * LOW HITPOINT WARNING * * *
Snorg claws you.
* * * LOW HITPOINT WARNING * * *
Snorg barely misses you.
You slice Snorg!!
Snorg is heavily wounded.
Snorg bites you but does no damage. Snorg claws you but does no damage.
Snorg claws you!
You die...

▒······▒·>▒▒▒
▒······'····▒
▒······▒····▒
·····▒'▒▒▒····▒ ·
·····▒··▒▒▒▒▒▒▒··
·····▒··▒········
···· ▒··▒········
▒··▒········
▒··'@T·····?
▒··▒········
▒▒▒▒······<·
···▒▒▒╬▒▒ ···▒
····▒ ····▒
·····▒


You could see Snorg (berserk).

Vanquished Creatures
  Gastronok (D:8)
  A death knight (D:7)
  2 two-headed ogres
  A centaur warrior (D:9)
  A troll (D:10)
  A hornet (D:10)
  Grinder (D:3)
  A wraith (D:9)
  Grum (D:8)
  3 wargs (D:9)
  2 soldier ants
  A water moccasin (D:9)
  2 sky beasts
  3 orc warriors
  An ice beast (D:7)
  2 black bears
  7 ogres
  A necrophage (D:6)
  9 centaurs
  2 wolves (D:8)
  4 big kobolds
  Blork the orc (D:5)
  4 bullfrogs
  A wyvern zombie (D:8)
  A wyvern skeleton (D:8)
  6 scorpions
  6 killer bees (D:9)
  8 wights
  2 howler monkeys (D:9)
  A centaur zombie (D:4)
  A quasit (D:7)
  8 hounds
  5 jellies
  Crazy Yiuf (D:3)
  5 orc priests
  7 centaur skeletons
  15 orc wizards
  Jessica (D:2)
  2 bullfrog skeletons
  4 iguanas
  Ijyb (D:4)
  9 worker ants
  Natasha (twice) (D:2)
  A hound zombie (D:4)
  2 hound skeletons (D:4)
  3 worker ant zombies (D:4)
  12 adders
  4 shadow imps
  4 white imps
  2 ufetubi (D:7)
  3 oozes
  An adder zombie (D:4)
  An adder skeleton (D:4)
  2 worms
  5 dart slugs
  7 leopard geckos
  39 orcs
  5 giant cockroaches
  6 hobgoblins
  3 jackals (D:4)
  4 quokkas
  4 ball pythons
  3 bats
  3 frilled lizards
  A giant cockroach zombie (D:4)
  11 goblins
  2 jackal skeletons (D:8)
  29 kobolds
  A leopard gecko skeleton (D:5)
  A leopard gecko zombie (D:4)
  A quokka skeleton (D:9)
  2 quokka zombies (D:4)
  9 rats
309 creatures vanquished.

Vanquished Creatures (collateral kills)
  A quokka (D:7)
  A kobold (D:7)
2 creatures vanquished.

Vanquished Creatures (others)
  An ogre (D:4)
  A hound skeleton (D:4)
  2 plants (D:9)
  A withered plant (D:4)
5 creatures vanquished.

Grand Total: 316 creatures vanquished

Notes
Turn   | Place    | Note
-------+----------+-------------------------------------------
     0 | D:1      | Azzok the Demonspawn Berserker began the quest for the Orb.
     0 | D:1      | Reached XP level 1. HP: 18/18 MP: 1/1
   109 | D:1      | Reached skill level 3 in Axes
   270 | D:1      | Gained mutation: You regenerate a little health from kills.
                  | [demonic ancestry]
   270 | D:1      | Reached XP level 2. HP: 24/24 MP: 2/2
   952 | D:2      | Found a sacrificial altar of Ru.
  1025 | D:2      | Noticed Jessica
  1031 | D:2      | Reached XP level 3. HP: 29/29 MP: 3/3
  1034 | D:2      | Killed Jessica
  1034 | D:2      | Reached skill level 4 in Axes
  1173 | D:2      | Found a glowing golden altar of the Shining One.
  1314 | D:2      | Reached ** piety under Trog
  1322 | D:2      | Gained mutation: You have sharp fingernails. [demonic
                  | ancestry]
  1322 | D:2      | Reached XP level 4. HP: 20/35 MP: 4/4
  1614 | D:2      | Noticed Natasha
  1621 | D:2      | Killed Natasha
  1621 | D:2      | Reached skill level 5 in Axes
  1891 | D:2      | Noticed Natasha
  1897 | D:2      | Killed Natasha
  1897 | D:2      | Gained mutation: You regenerate health from kills. [demonic
                  | ancestry]
  1897 | D:2      | Reached XP level 5. HP: 41/41 MP: 5/5
  2482 | D:3      | Noticed Grinder
  2489 | D:3      | Killed Grinder
  2489 | D:3      | Reached skill level 6 in Axes
  2489 | D:3      | Reached XP level 6. HP: 47/47 MP: 6/6
  2649 | D:3      | Reached skill level 7 in Axes
  3073 | D:3      | Found a runed translucent door.
  3074 | D:3      | Noticed Crazy Yiuf
  3084 | D:3      | Killed Crazy Yiuf
  3156 | D:3      | Reached *** piety under Trog
  3537 | D:4      | Got a pitted falchion
  3591 | D:4      | Reached XP level 7. HP: 46/52 MP: 7/7
  3669 | D:4      | Found a staircase to the Ecumenical Temple.
  3693 | D:4      | Reached skill level 8 in Axes
  3709 | D:4      | Found a sparkling altar of Nemelex Xobeh.
  3902 | D:4      | Found an ancient bone altar of Kikubaaqudgha.
  4062 | D:4      | Reached skill level 9 in Axes
  4062 | D:4      | Gained mutation: You are partially covered in icy blue
                  | scales. (AC +2) [demonic ancestry]
  4062 | D:4      | Reached XP level 8. HP: 7/58 MP: 8/8
  4213 | D:4      | Found a shadowy altar of Dithmenos.
  4220 | D:4      | Found a basalt altar of Yredelemnul.
  4394 | D:4      | Reached **** piety under Trog
  4682 | D:4      | Noticed Ijyb
  4698 | D:4      | Killed Ijyb
  4729 | D:4      | Identified the +1 falchion of Spontaneous Combustion
                  | {drain, rN+} (You found it on level 4 of the Dungeon)
  5004 | D:5      | Entered Level 5 of the Dungeon
  5180 | D:5      | Noticed Blork the orc
  5194 | D:5      | Killed Blork the orc
  5279 | D:5      | Found Gikia's Weapon Shoppe.
  5570 | D:5      | Reached skill level 10 in Axes
  5912 | D:5      | Reached XP level 9. HP: 53/65 MP: 9/9
  5966 | D:5      | Found a snail-covered altar of Cheibriados.
  6682 | D:7      | Noticed a death knight
  6726 | D:7      | Reached ***** piety under Trog
  6751 | D:7      | Reached skill level 11 in Axes
  6761 | D:7      | Got a crude pewter ring
  6847 | D:7      | Reached skill level 1 in Evocations
  6876 | D:7      | Killed a death knight
  7310 | D:7      | Gained mutation: You are mostly covered in icy blue scales.
                  | (AC +3) [demonic ancestry]
  7310 | D:7      | Reached XP level 10. HP: 72/72 MP: 10/10
  7619 | D:8      | Noticed Grum
  7636 | D:8      | Killed Grum
  8050 | D:8      | Reached skill level 12 in Axes
  8050 | D:8      | Reached skill level 5 in Evocations
  8216 | D:8      | Found a transporter.
  8221 | D:8      | Noticed Gastronok
  8303 | D:8      | Found a transporter.
  8316 | D:8      | Found a radiant altar of Vehumet.
  8423 | D:8      | Killed Gastronok
  8706 | D:8      | Identified the ring of Onup {rPois Str+3 Slay+6 SInv} (You
                  | found it on level 7 of the Dungeon)
  8995 | D:9      | Noticed a centaur warrior
  9006 | D:9      | Killed a centaur warrior
  9006 | D:9      | Gained mutation: You are partially covered in sharp spines.
                  | [demonic ancestry]
  9006 | D:9      | Reached XP level 11. HP: 28/77 MP: 11/11
  9192 | D:9      | Noticed a two-headed ogre
  9199 | D:9      | Received a gift from Trog
  9203 | D:9      | Killed a two-headed ogre
  9203 | D:9      | Reached skill level 13 in Axes
  9207 | D:9      | Found a staircase to the Lair.
  9310 | D:9      | Reached ****** piety under Trog
  9750 | D:10     | Entered Level 10 of the Dungeon
  9750 | D:10     | Noticed a two-headed ogre
  9754 | D:10     | Killed a two-headed ogre
 10700 | D:11     | Noticed Snorg
 10709 | D:11     | Mangled by Snorg

Illustrated notes

Levels and vault maps discovered:
D:1:      lemuel_arrival_hallway, layout_basic
D:2:      minmay_chambers_of_twos, layout_basic,
          nicolae_ru_sacrificial_ziggurat, lemuel_crystal_altar, uniq_natasha,
          uniq_jessica
D:3:      layout_basic, uniq_crazy_yiuf_cottage, uniq_grinder
D:4:      kennysheep_goblin_castle, layout_basic,
          nemelex_xobeh_ov_fountains_minmay, amethyst_overflow_temple_binary,
          old_standard_altar, minmay_temple_entry_butterflies, serial_undead,
          serial_undead_c, serial_undead_f, serial_undead_f, serial_undead_f,
          serial_undead_f, serial_undead_e
D:5:      layout_basic, kennysheep_slug_shrine, serial_shops, shop,
          uniq_blork_the_orc
D:6:      layout_loops_ring
D:7:      hangedman_cross_stitches, layout_loops_ring
D:8:      gammafunk_wand_slinger, layout_basic, overflow_temple_1_default,
          uniq_gastronok, uniq_grum
D:9:      layout_long_grid, erik_lair_orcish_takeover
D:10:     layout_stronghold
D:11:     layout_gridville, orc_0_dummy, uniq_snorg

Skill      XL: |  1  2  3  4  5  6  7  8  9 10 11 |
---------------+----------------------------------+-----
Axes           | 3 4 5 6 7 9 10 11 12 13 | 13.5
Armour         | 3 |  3.5
Dodging        | 3 |  3.5
Fighting       | 4 |  4.5
Evocations     | 3 7 9 |  9.1

Action                   |  1- 3 |  4- 6 |  7- 9 | 10-12 || total
-------------------------+-------+-------+-------+-------++-------
Melee: Hand axe          |    80 |   144 |       |       ||   224
       Quarterstaff      |       |    12 |   161 |       ||   173
       War axe           |       |       |   321 |   274 ||   595
       Falchion          |       |       |    13 |       ||    13
       Executioner's axe |       |       |       |    71 ||    71
Invok: Berserk           |     1 |     5 |     2 |     4 ||    12
       Trog's Hand       |       |       |     2 |       ||     2
       Brothers in Arms  |       |       |     1 |       ||     1
  Use: Scroll            |       |     1 |     6 |     2 ||     9
       Potion            |       |       |       |     1 ||     1
Armor: Leather armour    |    23 |       |       |       ||    23
       Chain mail        |     4 |    72 |    42 |       ||   118
       Plate armour      |       |       |   357 |   237 ||   594
Dodge: Dodged            |    71 |    57 |   170 |   130 ||   428

Table legend: (Time is in decaauts)
 A = Elapsed time spent in this place.
 B = Non-inter-level travel time spent in this place.
 C = Inter-level travel time spent in this place.
 D = Time resting spent in this place.
 E = Time spent auto-exploring this place.
 F = Levels seen in this place.
 G = Mean time per level.
                   A        B        C        D        E       F      G
               +--------+--------+--------+--------+--------+-----+--------+
         Total |  10918 |  10537 |    381 |    581 |   7611 |  11 |  992.5 |
       Dungeon |  10918 |  10537 |    381 |    581 |   7611 |  11 |  992.5 |
               +--------+--------+--------+--------+--------+-----+--------+

Top non-repeatable levels by time:
     D:2: 1538 daAuts
     D:4: 1532 daAuts
     D:8: 1210 daAuts
     D:3: 1164 daAuts
     D:5: 1000 daAuts
     D:9: 997 daAuts
     D:7: 964 daAuts
     D:1: 902 daAuts
    D:10: 835 daAuts
     D:6: 636 daAuts
    D:11: 136 daAuts
